Map: Ruins of Seras

Players

Mdcaceres

  • Race: Terran Terran
  • League: Gold

MotherMoose - Winner!

  • Race: Protoss Protoss
  • League: Gold

VOD

Have the link to the VOD?

Description

Time

  • Played on: Feb. 18, 2016, 1:35 a.m.
  • Length: 10:39
Show
View Real Time Build Order
Export as new Build Order

Mdcaceres Terran 

Build Orders:  

Get SALT Encoding   

  12  0:02  SCV  
  13  0:14  SCV  
  14  0:23  Supply Depot  
  14  0:26  Refinery  
  14  0:29  SCV  
  15  0:46  Barracks  
  15  0:49  SCV  
  16  1:01  SCV  
  17  1:13  SCV  
  18  1:30  SCV  
  19  1:33  Supply Depot  
  19  1:34  Marine  
  20  1:47  Bunker  
  20  2:00  Barracks Reactor  
  20  2:11  Command Center  
  20  2:13  SCV  
  21  2:29  Orbital Command  
  21  2:38  Factory  
  21  2:51  Marine x2  
  24  2:58  SCV  
  24  3:05  Supply Depot  
  24  3:09  Marine x2  
  26  3:15  Refinery  
  26  3:37  Marine x2  
  26  3:39  Factory Tech Lab  
  28  3:42  SCV, Starport  
  28  3:45  SCV  
  30  3:55  SCV, Marine  
  32  3:58  Siege Tank  
  32  4:01  Marine  
  36  4:03  Liberator  
  36  4:07  SCV  
  36  4:09  Orbital Command  
  37  4:23  Marine, Supply Depot  
  41  4:25  SCV  
  41  4:28  Marine  
  43  4:36  Siege Tank  
  46  4:41  SCV  
  46  4:42  SCV  
  48  4:47  Liberator  
  48  4:48  Marine x2  
  50  4:53  SCV  
  50  4:54  SCV  
  52  5:02  Engineering Bay  
  55  5:07  SCV  
  55  5:10  SCV  
  57  5:15  Marine  
  57  5:16  Marine  
  57  5:17  Widow Mine  
  61  5:32  SCV  
  62  5:37  Supply Depot  
  62  5:58  Marine x2, SCV  
  65  6:06  Siege Tank  
  68  6:16  Marine x2  
  70  6:32  Starport Reactor  
  70  6:36  Command Center  
  70  6:39  Supply Depot  
  70  6:41  Terran Infantry Weapons Level 1  
  70  6:45  Barracks  
  70  6:51  Marine x2, SCV  
  64  7:03  SCV, Supply Depot  
  64  7:05  Liberator x2  
  59  7:15  SCV  
  60  7:16  Marine x2  
  60  7:21  Siege Tank  
  63  7:27  Supply Depot  
  60  7:33  Marine  
  60  7:34  Marine, Barracks, SCV  
  63  7:37  Refinery  
  63  7:39  Refinery  
  63  7:43  Barracks Tech Lab  
  63  7:47  SCV  
  63  7:48  Liberator  
  63  7:50  Supply Depot  
  64  7:51  Marine x2  
  66  8:04  Refinery  
  66  8:05  Planetary Fortress  
  69  8:09  Marine x2  
  69  8:16  Liberator  
  69  8:24  Barracks  
  69  8:26  SCV  
  70  8:27  Marine, SCV  
  70  8:29  Marine x3  
  78  8:36  Widow Mine  
  78  8:38  SCV  
  78  8:39  SCV  
  82  8:45  Marine  
  82  8:47  Marine  
  84  8:49  SCV  
  84  8:50  SCV  
  84  8:51  SCV  
  84  8:53  Marauder  
  89  8:55  Barracks Tech Lab  
  89  8:57  Combat Shields  
  89  9:01  SCV  
  90  9:02  Marine  
  90  9:05  Siege Tank  
  94  9:13  Liberator x2, SCV  
  94  9:15  Marauder  
  81  9:23  Marine  
  81  9:24  Marine x3  
  76  9:36  Marine  
  74  9:41  Marine  
  74  9:42  Marine  
  75  9:48  Marine x2  
  59  9:53  Marine  
  59  9:59  Marine  
  48  10:01  Marine  
  48  10:03  Siege Tank  
  48  10:06  Marine x2  
  51  10:11  Marine  
  58  10:17  Marine  
  58  10:19  Marine  
Show
View Real Time Build Order
Export as new Build Order

MotherMoose Protoss - Winner!

Build Orders: Nexus First, Colossus Rush 

Get SALT Encoding   

  12  0:01  Probe (Chrono Boost)  
  13  0:11  Probe (Chrono Boost)  
  14  0:19  Pylon  
  14  0:22  Probe (Chrono Boost)  
  15  0:37  Probe (Chrono Boost)  
  16  0:57  Nexus  
  16  1:01  Probe (Chrono Boost)  
  17  1:11  Gateway  
  17  1:15  Probe (Chrono Boost)  
  18  1:26  Probe (Chrono Boost)  
  18  1:30  Assimilator  
  19  1:33  Assimilator  
  19  1:36  Probe (Chrono Boost)  
  21  1:47  Probe (Chrono Boost)  
  21  2:03  Gateway, Cybernetics Core  
  21  2:16  Probe (Chrono Boost)  
  21  2:21  Probe (Chrono Boost)  
  23  2:26  Probe (Chrono Boost)  
  23  2:27  Zealot  
  26  2:38  Pylon  
  26  2:42  Mothership Core (Chrono Boost)  
  28  2:47  Pylon  
  28  2:52  Stalker  
  28  2:56  Zealot  
  32  3:00  Probe (Chrono Boost)  
  33  3:11  Twilight Council  
  33  3:14  Probe x2 (Chrono Boost)  
  35  3:24  Probe (Chrono Boost)  
  36  3:31  Probe (Chrono Boost)  
  36  3:32  Stalker  
  39  3:43  Probe (Chrono Boost)  
  39  3:44  Probe (Chrono Boost)  
  41  3:56  Robotics Facility  
  41  3:59  Pylon  
  41  4:00  Probe x2 (Chrono Boost)  
  43  4:05  Assimilator  
  43  4:10  Probe (Chrono Boost)  
  44  4:18  Probe (Chrono Boost)  
  44  4:19  Gateway  
  44  4:20  Probe (Chrono Boost)  
  44  4:23  Assimilator  
  46  4:24  Warp Gate (Chrono Boost)  
  46  4:27  Stalker  
  48  4:35  Stalker  
  50  4:40  Blink (Chrono Boost)  
  50  4:55  Probe  
  50  4:57  Probe  
  52  5:00  Robotics Bay  
  52  5:07  Pylon  
  52  5:10  Observer  
  53  5:16  Probe  
  53  5:17  Probe  
  55  5:34  Observer  
  56  5:36  Gateway  
  56  5:37  Gateway  
  56  5:38  Probe  
  56  5:40  Probe  
  58  5:52  Probe  
  58  5:55  Extended Thermal Lance, Colossus  
  65  6:06  Probe  
  65  6:08  Probe  
  67  6:13  Stalker  
  69  6:25  Pylon  
  69  6:27  Pylon  
  69  6:29  Pylon  
  69  6:30  Stalker  
  69  6:31  Pylon  
  69  6:46  Stalker  
  71  6:47  Stalker x3  
  65  7:01  Stalker  
  65  7:10  Probe x2  
  73  7:22  Probe  
  69  7:24  Probe  
  69  7:30  Observer  
  69  7:35  Robotics Facility  
  63  7:44  Stalker x5  
  67  7:48  Colossus  
  67  7:49  Nexus  
  73  7:52  Pylon  
  73  7:53  Pylon  
  73  7:54  Pylon  
  79  8:11  Stalker x2  
  79  8:12  Stalker x3  
  89  8:16  Probe  
  89  8:17  Probe  
  91  8:28  Probe  
  91  8:29  Probe  
  93  8:34  Assimilator  
  93  8:36  Assimilator  
  93  8:45  Colossus, Stalker x3  
  93  8:46  Stalker x2  
  110  8:55  Probe  
  110  8:56  Probe  
  111  9:07  Probe  
  104  9:24  Stalker  
  104  9:25  Stalker x4  
  106  9:56  Stalker x2  
  106  9:57  Stalker x3  
Tags
 
Add a new tag
Caveats
  • Supply blocks, unpowered buildings, or Contaminate may cause inaccurate times.
  • Supply counts are checked every 10 seconds.